 Dungeon Crawl Stone Soup version 0.29-a0-323-g050149af67 (webtiles) character file.

Game seed: 3630210814150155044

1021 bizdof the Covert (level 8, -2/36 HPs)
             Began as a Spriggan Enchanter on Apr 12, 2022.
             Slain by a killer bee (6 damage)
             ... on level 5 of the Dungeon.
             The game lasted 00:12:59 (4674 turns).

bizdof the Covert (Spriggan Enchanter)              Turns: 4674, Time: 00:12:59

Health: -2/36      AC:  4    Str:  6    XL:     8   Next: 2%
Magic:  18/20      EV: 18    Int: 17    God:
Gold:   116        SH:  0    Dex: 21    Spells: 7/21 levels left

rFire   . . .      SeeInvis +   d - +0 quick blade
rCold   . . .      Faith    .   (no shield)
rNeg    . . .      Spirit   .   b - +1 robe
rPois   +          Reflect  .   (helmet restricted)
rElec   .          Harm     .   f - +0 cloak
rCorr   .          Rampage  .   (gloves unavailable)
Will    +....                   (boots unavailable)
Stlth   ++++......              (no amulet)
HPRegen 0.12/turn               j - +6 ring of dexterity
MPRegen 0.17/turn               v - ring of poison resistance

@: very quick
A: very small, no large weapons, unfitting armour, see invisible, speed 3
a: no special abilities


You were on level 5 of the Dungeon.
You visited 1 branch of the dungeon, and saw 5 of its levels.
You also visited: Sewer.

You collected 207 gold pieces.
You spent 91 gold pieces at shops.

Inventory:

Hand Weapons
 a - a +1 dagger
 d - a +0 quick blade (weapon)
Missiles
 g - 32 poisoned darts (quivered)
 t - a curare-tipped dart
Armour
 b - a +1 robe (worn)
 f - a +0 cloak (worn)
Jewellery
 j - a +6 ring of dexterity (left hand)
 v - a ring of poison resistance (right hand)
Wands
 q - a wand of flame (18)
Scrolls
 p - a scroll of immolation
 u - a scroll of teleportation
 w - a scroll of holy word {unknown}
Potions
 c - 2 potions of invisibility
 e - a potion of resistance
 h - a potion of berserk rage
 i - 2 potions of curing
 l - 3 potions of haste
 m - a potion of mutation {unknown}
 n - a potion of attraction {unknown}
 o - a potion of cancellation {unknown}
 r - 3 potions of ambrosia
 s - 2 potions of brilliance {unknown}


   Skills:
 - Level 1.1 Short Blades
 - Level 2.6 Dodging
 + Level 8.0 Stealth
 + Level 7.4 Spellcasting
 + Level 7.9 Hexes


You had 7 spell levels left.
You knew the following spells:

 Your Spells              Type           Power      Damage    Failure   Level
a - Ensorcelled Hibernat  Hex/Ice        38%        N/A       3%          2
b - Tukima's Dance        Hex            33%        N/A       1%          3
c - Dazzling Flash        Conj/Hex       38%        N/A       7%          3
d - Confusing Touch       Hex            33%        N/A       1%          3
e - Stone Arrow           Conj/Erth      12%        3d7       32%         3

Your spell library contained the following spells:

 Spells                   Type           Power      Damage    Failure   Level
 Sandblast                Erth           12%        2d6       11%         1
 Passwall                 Tmut/Erth      5%         N/A       17%         2


Dungeon Overview and Level Annotations

Branches:
Dungeon (5/15)              Sewer (visited)
 Temple: D:4-7

Altars:
Gozag
Hepliaklqana

Shops:
D:4 *


Innate Abilities, Weirdness & Mutations

You are very small and have problems with some larger weapons.
You are too small for most types of armour.
You have supernaturally acute eyesight. (SInv)
You cover ground extremely quickly. (Speed+++)


Message History

Aim: a black bear (almost dead, berserk, 77% to hit)
The puff of flame misses the black bear.
The puff of flame hits the adder.
The adder is severely wounded.
The black bear bites you! The black bear claws you. The black bear misses you.
Found a scroll labelled RUIGGUOFUME.
The black bear rages.
The black bear rages.
You see here a scroll labelled RUIGGUOFUME.
w - a scroll labelled RUIGGUOFUME The black bear bites you!
* * * LOW HITPOINT WARNING * * *
The black bear claws you but does no damage.
The black bear claws you.
* * * LOW HITPOINT WARNING * * *
The killer bee attacks as you move away!
The killer bee completely misses you.
The black bear is no longer berserk.
You feel much better. The killer bee closely misses you.
The killer bee stings you.
Found a chain mail.
The killer bee attacks as you move away!
The killer bee closely misses you.
The killer bee stings you but does no damage.
The killer bee stings you.
The killer bee attacks as you move away!
The killer bee misses you.
You miss the killer bee. The killer bee stings you.
The killer bee completely misses you.
You are too injured to fight recklessly!
You are too injured to fight recklessly!
Casting: Ensorcelled Hibernation (safe; 3% risk of failure)
Confirm with . or Enter, or press ? or * to list all spells.
Aiming: Ensorcelled Hibernation (safe; 3% risk of failure)
Press: ? - help, Shift-Dir - straight line, f - killer bee
Aim: a killer bee (chance to affect: 61%)
The killer bee resists with significant effort.
The killer bee stings you!
* * * LOW HITPOINT WARNING * * *
The killer bee stings you.
You die...

#..# #..# #..
#.. #.# # #.#
.#
######.##.####
#..@y....[....
#.####h....###
# #.#...# #
#h##### ##. #S#
##. #...###.#
....
#.....##.....
....##.........
.# ##.###.###


You could see a black bear (slow) and a killer bee.

Vanquished Creatures
  Sigmund (D:3)
  A steam dragon (D:4)
  Menkaure (D:4)
  3 kobold brigands (Sewer)
  A scorpion (D:4)
  2 killer bees (D:5)
  2 iguanas
  An orc wizard (D:4)
  3 gnolls
  A river rat (D:3)
  3 adders
  2 worms
  A dart slug (D:3)
  6 orcs
  5 bats
  6 endoplasms
  6 giant cockroaches
  6 hobgoblins
  17 kobolds
  5 quokkas
  10 ball pythons
  2 frilled lizards
  4 goblins
  10 rats
99 creatures vanquished.

Vanquished Creatures (collateral kills)
  Crazy Yiuf (D:3)
1 creature vanquished.

Vanquished Creatures (others)
  A fungus (D:3)
1 creature vanquished.

Grand Total: 101 creatures vanquished

Notes
Turn   | Place    | Note
-------+----------+-------------------------------------------
     0 | D:1      | bizdof the Spriggan Enchanter began the quest for the Orb.
     0 | D:1      | Reached XP level 1. HP: 9/9 MP: 5/5
    95 | D:1      | Reached XP level 2. HP: 11/13 MP: 7/7
    98 | D:1      | Learned a level 2 spell: Ensorcelled Hibernation
   195 | D:1      | Found a faded altar of an unknown god.
   648 | D:1      | Reached XP level 3. HP: 16/16 MP: 9/9
   652 | D:1      | Learned a level 3 spell: Tukima's Dance
   656 | D:1      | Learned a level 3 spell: Confusing Touch
  1151 | D:2      | Found a hazy altar of Hepliaklqana.
  1970 | D:3      | Reached XP level 4. HP: 19/21 MP: 11/11
  2088 | D:3      | You fall into a shaft and drop 1 floor!
  2141 | D:4      | Reached skill level 5 in Hexes
  2166 | D:4      | Noticed a steam dragon
  2185 | D:4      | Killed a steam dragon
  2186 | D:4      | Reached skill level 5 in Spellcasting
  2186 | D:4      | Reached XP level 5. HP: 12/24 MP: 8/13
  2227 | D:3      | Noticed Sigmund
  2540 | D:3      | Killed Sigmund
  2541 | D:3      | Reached skill level 5 in Stealth
  2541 | D:3      | Reached XP level 6. HP: 28/28 MP: 6/15
  2711 | D:3      | Found a glowing drain.
  2720 | Sewer    | Entered a sewer
  2877 | Sewer    | Learned a level 3 spell: Dazzling Flash
  2991 | Sewer    | Reached skill level 6 in Stealth
  3000 | Sewer    | Reached XP level 7. HP: 21/32 MP: 15/17
  3755 | D:3      | Found a runed translucent door.
  3756 | D:3      | Noticed Crazy Yiuf
  3767 | D:3      | Killed Crazy Yiuf
  3907 | D:4      | Reached skill level 7 in Stealth
  3938 | D:4      | Found Nyoxip's Assorted Antiques.
  3951 | D:4      | Bought a scroll labelled SYRCHAO HEGEVOLYSI for 19 gold
                  | pieces
  3951 | D:4      | Bought 2 sedimented black potions for 34 gold pieces
  3951 | D:4      | Bought a scroll of identify for 38 gold pieces
  4117 | D:4      | Learned a level 3 spell: Stone Arrow
  4145 | D:4      | Noticed Menkaure
  4160 | D:4      | Killed Menkaure
  4374 | D:4      | Found an opulent altar of Gozag.
  4632 | D:5      | Entered Level 5 of the Dungeon
  4647 | D:5      | Reached skill level 8 in Stealth
  4647 | D:5      | Reached XP level 8. HP: 34/36 MP: 17/20
  4674 | D:5      | Slain by a killer bee

Illustrated notes

Levels and vault maps discovered:
D:1:      dpeg_arrival_concentric_ovals, layout_basic,
          shapermc_ecumenical_altar_mp_ritualfount, serial_forest,
          infiniplex_forest_end_3, infiniplex_forest_lined_room_2,
          infiniplex_forest_clump_small, infiniplex_forest_lined_corner,
          infiniplex_forest_clump_large, infiniplex_forest_clump_curved,
          infiniplex_forest_end_double
D:2:      layout_rooms, basic_altar, kennysheep_boxes
D:3:      layout_basic, gup_sewer_entry_bubbles, uniq_crazy_yiuf_cottage,
          uniq_sigmund
D:4:      wander_river, layout_basic, grunt_gozag_statues, serial_shops,
          nicolae_stop_n_shop_1, st_stairs_14, uniq_menkaure
D:5:      layout_loops_ring, minmay_temple_entry_mist, uniq_grinder, uniq_pikel

Skill      XL: |  1  2  3  4  5  6  7 |
---------------+----------------------+-----
Spellcasting   | 3 4 5 6 7 |  7.4
Hexes          | 4 5 6 7 |  7.9
Stealth        | 5 6 8 |  8.0
Short Blades   | |  1.1
Dodging        | |  2.6

Action                   |  1- 3 |  4- 6 |  7- 9 || total
-------------------------+-------+-------+-------++-------
Melee: Quick blade       |    87 |   118 |   103 ||   308
       Dagger            |     3 |       |       ||     3
       Punch             |       |     1 |     2 ||     3
 Cast: Ensorcelled Hiber |     4 |     8 |     9 ||    21
       Tukima's Dance    |       |     2 |     1 ||     3
       Confusing Touch   |       |       |     1 ||     1
Evoke: Wand              |       |       |     2 ||     2
  Use: Scroll            |     4 |     4 |     7 ||    15
       Potion            |       |     2 |     5 ||     7
 Stab: Sleeping          |    14 |    14 |    17 ||    45
       Distracted        |     1 |       |       ||     1
       Invisible         |       |     6 |     5 ||    11
       Confused          |       |       |     2 ||     2
Armor: Robe              |     4 |     8 |    10 ||    22
Dodge: Dodged            |    40 |    72 |    62 ||   174

Table legend: (Time is in decaauts)
 A = Elapsed time spent in this place.
 B = Non-inter-level travel time spent in this place.
 C = Inter-level travel time spent in this place.
 D = Time resting spent in this place.
 E = Time spent auto-exploring this place.
 F = Levels seen in this place.
 G = Mean time per level.
                   A        B        C        D        E       F      G
               +--------+--------+--------+--------+--------+-----+--------+
         Total |   3536 |   3421 |    115 |    485 |   2067 |   6 |  589.3 |
       Dungeon |   3150 |   3035 |    115 |    300 |   1998 |   5 |  630.0 |
         Sewer |    386 |    386 |      0 |    185 |     68 |   1 |  386.0 |
               +--------+--------+--------+--------+--------+-----+--------+

Top non-repeatable levels by time:
     D:3: 871 daAuts
     D:1: 810 daAuts
     D:2: 794 daAuts
     D:4: 646 daAuts
   Sewer: 386 daAuts
     D:5: 28 daAuts
